 Dungeon Crawl Stone Soup version 0.28-a0-604-g249bb1af34 (webtiles) character file.

Game seed: 2119507591789168836

23358 IndexError the Frost Mage (level 13, -7/147 HPs)
             Began as a Gnoll Ice Elementalist on Oct 5, 2021.
             Was an Initiate of Ashenzari.
             Mangled by Rupert (26 damage)
             ... on level 13 of the Dungeon.
             The game lasted 00:42:21 (19353 turns).

IndexError the Frost Mage (Gnoll Ice Elementalist) Turns: 19353, Time: 00:42:22

Health: -7/147     AC: 21    Str: 11    XL:     13   Next: 6%
Magic:  31/44      EV: 20    Int: 18    God:    Ashenzari [......]
Gold:   491        SH:  0    Dex: 16    Spells: 22/30 levels left

rFire   + . .      SeeInvis .   b - +6 halberd "Mokamirch" {vorpal, rElec MP+9 Str+2 Dex+3}
rCold   . . .      Faith    .   (shield currently unavailable)
rNeg    . . .      Spirit   .   T - +2 leather armour {rF+}
rPois   .          Reflect  .   A - +2 helmet of Ashenzari's Planets {Range, Melee} (curse)
rElec   +          Harm     .   y - +2 cloak {Will+}
rCorr   .          Rampage  .   v - +0 pair of gloves
Will    +....                   I - +0 pair of boots
Stlth   ..........              U - amulet of regeneration {+regen, !d}
HPRegen 1.34/turn               i - +4 ring of evasion
MPRegen 0.29/turn               D - ring of magical power {MP+9}

@: berserking, ice-armoured, freezing walls, very quick
A: fangs 1, strong nose, distributed training
a: Renounce Religion, Curse Item, Shatter the Chains


You were on level 13 of the Dungeon.
You worshipped Ashenzari.
Ashenzari was noncommittal.
You visited 3 branches of the dungeon, and saw 15 of its levels.
You also visited: Sewer.

You collected 810 gold pieces.
You spent 319 gold pieces at shops.

Inventory:

Hand Weapons
 a - a +0 hunting sling
   (You found it on level 2 of the Dungeon)
 b - the +6 halberd "Mokamirch" (weapon) {vorpal, rElec MP+9 Str+2 Dex+3}
   (You found it on level 12 of the Dungeon)

   It inflicts extra damage upon your enemies.
   Str:       It affects your strength (+2).
   Dex:       It affects your dexterity (+3).
   rElec:     It insulates you from electricity.
   MP:        It affects your magic capacity (+9).
Missiles
 d - 5 curare-tipped darts
 o - 365 stones
 E - 82 sling bullets
 O - 3 throwing nets {=f, !d}
 S - 5 javelins (quivered)
Armour
 v - a +0 pair of gloves (worn)
   (You found it on level 3 of the Dungeon)
 y - a +2 cloak of willpower (worn)
   (You took it off Crazy Yiuf on level 4 of the Dungeon)
 A - the cursed +2 helmet of Ashenzari's Planets (worn) {Range, Melee}
   (You bought it in a shop on level 3 of the Dungeon)

   It has a curse which improves the following skills: Ranged Combat: Slings,
   Bows, Crossbows and Throwing.
   Melee Combat: Short Blades, Long Blades, Axes, Maces & Flails, Polearms,
   Staves and Unarmed Combat.
 I - a +0 pair of boots (worn)
   (You found it on level 6 of the Dungeon)
 T - a +2 leather armour of fire resistance (worn)
   (You took it off an orc priest on level 9 of the Dungeon)
 V - the +4 kite shield "Kikayg" {rC+ Will- Stlth+}
   (You acquired it on level 8 of the Dungeon)

   rC:        It protects you from cold.
   Will:      It decreases your willpower.
   Stlth:     It makes you more stealthy.
Jewellery
 i - a +4 ring of evasion (left hand)
   (You found it on level 2 of the Dungeon)
 D - a ring of magical power (right hand) {MP+9}
   (You found it on level 5 of the Dungeon)
 M - a ring of protection from cold {rC+, !d}
   (You found it on level 8 of the Dungeon)
 U - an amulet of regeneration (around neck) {+regen, !d}
   (You found it on level 11 of the Dungeon)
Wands
 B - a wand of polymorph (20)
   (You found it on level 5 of the Dungeon)
 Q - a wand of digging (7)
   (You found it on level 9 of the Dungeon)
 R - a wand of paralysis (13)
   (You found it on level 9 of the Dungeon)
Scrolls
 f - 3 scrolls of enchant weapon
 g - 2 scrolls of immolation {!r}
 j - a scroll of brand weapon
 k - a scroll of amnesia
 l - 3 scrolls of magic mapping {!r}
 m - 4 scrolls of teleportation
 q - 2 scrolls of summoning
 r - 2 scrolls of torment {!r}
 s - 5 scrolls of blinking {!r}
 C - a scroll of vulnerability {!r!r}
 F - 6 scrolls of fog
 H - a scroll of enchant armour
 J - a scroll of fear
Potions
 c - 4 potions of ambrosia
 e - 2 potions of degeneration {!q}
 h - 3 potions of heal wounds
 n - 3 potions of might
 p - a potion of berserk rage {!q}
 u - 2 potions of magic
 w - 4 potions of haste
 x - 3 potions of curing
 z - 6 potions of brilliance
 G - 4 potions of lignification {!q}
 K - a potion of mutation {!q}
 P - a potion of invisibility


   Skills:
 + Level 7.9 Fighting
 + Level 7.9(8.4) Short Blades
 + Level 7.9(8.4) Long Blades
 + Level 7.9(8.4) Axes
 + Level 7.9(8.4) Maces & Flails
 + Level 7.9(8.4) Polearms
 + Level 7.9(8.4) Staves
 + Level 7.9(8.4) Slings
 + Level 7.9(8.4) Bows
 + Level 7.9(8.4) Crossbows
 + Level 7.9(8.4) Throwing
 + Level 7.9 Armour
 + Level 9.2 Dodging
 + Level 9.0 Stealth
 + Level 7.9 Shields
 + Level 7.9(8.4) Unarmed Combat
 + Level 9.4 Spellcasting
 + Level 6.5 Conjurations
 + Level 6.5 Hexes
 + Level 6.5 Summonings
 + Level 6.5 Necromancy
 + Level 6.5 Translocations
 + Level 6.5 Transmutations
 + Level 6.5 Fire Magic
 + Level 9.8 Ice Magic
 + Level 6.5 Air Magic
 + Level 6.5 Earth Magic
 + Level 6.5 Poison Magic
 + Level 8.6 Invocations
 + Level 7.9 Evocations


You had 22 spell levels left.
You knew the following spells:

 Your Spells              Type           Power      Damage    Failure   Level
a - Freeze                Ice            100%       1d11      1%          1
b - Frozen Ramparts       Ice            86%        1d10      1%          3
c - Foxfire               Conj/Fire      100%       2x1d9     1%          1
A - Ozocubu's Armour      Ice            43%        N/A       1%          3

Your spell library contained the following spells:

 Spells                   Type           Power      Damage    Failure   Level
 Apportation              Tloc           64%        N/A       1%          1
 Corpse Rot               Necr/Air       N/A        N/A       1%          2
 Poisonous Vapours        Pois/Air       64%        N/A       1%          2
 Slow                     Hex            32%        N/A       1%          2
 Confusing Touch          Hex            32%        N/A       2%          3
 Conjure Flame            Conj/Fire      32%        6-21      2%          3
 Inner Flame              Hex/Fire       32%        N/A       2%          3
 Hailstorm                Conj/Ice       38%        3d9       3%          4
 Animate Armour           Summ/Erth      64%        N/A       7%          4
 Dispel Undead            Necr           32%        3d14      7%          4
 Flame Wave               Conj/Fire      32%        3d7       7%          4
 Alistair's Intoxication  Tmut/Pois      21%        N/A       21%         5
 Blade Hands              Tmut           16%        N/A       21%         5
 Yara's Violent Unravell  Hex/Tmut       16%        3d8       21%         5
 Death Channel            Necr           16%        N/A       73%         6
 Invisibility             Hex            16%        N/A       73%         6
 Iron Shot                Conj/Erth      16%        9d4       73%         6


Dungeon Overview and Level Annotations

Branches:
Dungeon (13/15)            Temple (1/1) D:4            Lair (1/6) D:8
    Orc (0/2) D:9           Sewer (visited)
 Vaults: D:13-14

Altars:
Ashenzari
Cheibriados
Dithmenos
Elyvilon
Fedhas
Gozag
Hepliaklqana
Kikubaaqudgha
Makhleb
Nemelex Xobeh
Okawaru
Qazlal
Ru
Sif Muna
Trog
Uskayaw
Vehumet
Wu Jian
Xom
Yredelemnul
Zin
The Shining One

Shops:
D:3 [   D:11 [

Annotations:
D:8 1 runed translucent door, Liado's ghost, novice HuDe
D:13 Rupert
Lair:1 Grum


Innate Abilities, Weirdness & Mutations

You have very sharp teeth.
Your uncanny sense of smell can sniff out nearby items.
Your experience applies equally to all skills.


Message History

You see here a dart slug corpse.
You enter the shallow water.
Moving in this stuff is going to be slow.
Things that are here:
a +0 shortbow; 12 arrows; a centaur corpse
Things that are here:
a +0 shortbow; 13 arrows; a centaur corpse Partly explored, can't reach some items and places.
Partly explored, can't reach some items and places.
Partly explored, can't reach some items and places.
Casting: Frozen Ramparts (safe; 1% risk of failure)
Confirm with . or Enter, or press ? or * to list all spells.
Okay, then.
Unknown command.
Press: ? - help, . - travel You can't see that place. [the floor.]
Things that are here:
a +0 shortbow; 23 arrows; a centaur skeleton Really walk into a travel-excluded area?
Aiming: Paralyse
Press: ? - help, Shift-Dir - straight line, f - Rupert
Aim: Rupert, wielding a +3 great sword of freezing and wearing a +0 chain mail (asleep, chance to affect: 8%)
Okay, then.
Aiming: Polymorph
Press: ? - help, Shift-Dir - straight line, f - Rupert
Aim: Rupert, wielding a +3 great sword of freezing and wearing a +0 chain mail (asleep, will become a fenstrider witch, a stone giant, or a fire giant, chance to affect: 8%)
Okay, then.
Aiming: Dig
Press: ? - help, Shift-Dir - straight line A rock wall.
Okay, then.
Really walk into a travel-excluded area?
You shoot a sling bullet. The sling bullet hits Rupert.
Rupert shouts!
You shoot a sling bullet.
The sling bullet hits Rupert but does no damage.
You shoot a sling bullet. The sling bullet hits Rupert.
You shoot a sling bullet. The sling bullet hits Rupert.
Casting: Frozen Ramparts (safe; 1% risk of failure)
Confirm with . or Enter, or press ? or * to list all spells.
A film of ice covers your body!
You now have 32/35 mp.
Casting: Ozocubu's Armour (safe; 1% risk of failure)
Confirm with . or Enter, or press ? or * to list all spells.
Casting: Frozen Ramparts (safe; 1% risk of failure)
Press: ? - help, Dir - look around, f - activate The walls around you are covered in ice.
Rupert roars madly and goes into a rage!
Rupert goes berserk!
You now have 29/35 mp.
You shoot a sling bullet. The sling bullet hits Rupert.
You shoot a sling bullet. The sling bullet hits Rupert.
The wall freezes Rupert.
Really quaff
p - 2 potions of berserk rage {!q}?
Do you really want to go berserk while wielding your +0 hunting sling? [Y]es or [N]o only, please.
Do you really want to go berserk while wielding your +0 hunting sling?
Okay, then.
You feel stronger.
You feel agile.
b - the +6 halberd "Mokamirch" (weapon)
{vorpal, rElec MP+9 Str+2 Dex+3} The wall freezes Rupert.
Rupert hits you with a +3 great sword of freezing!
Rupert freezes you.
You take 11 damage, and have 87/98 hp.
Really quaff
p - 2 potions of berserk rage {!q}?
A red film seems to cover your vision as you go berserk!
You feel yourself moving faster!
You feel mighty!
The wall freezes Rupert.
Rupert hits you with a +3 great sword of freezing!
Rupert freezes you.
You now have 118/147 hp.
You impale Rupert!!
The wall freezes Rupert.
Rupert hits you with a +3 great sword of freezing!
Rupert freezes you.
You take 18 damage, and have 100/147 hp.
You puncture Rupert!
The wall freezes Rupert.
Rupert hits you with a +3 great sword of freezing!!
Rupert freezes you!
You take 26 damage, and have 74/147 hp.
You slash Rupert! You bite Rupert.
The wall freezes Rupert.
Rupert hits you with a +3 great sword of freezing!!
* * * LOW HITPOINT WARNING * * *
Rupert freezes you.
* * * LOW HITPOINT WARNING * * *
You take 35 damage, and have 39/147 hp.
MASSIVE DAMAGE!!
You hit Rupert.
The wall freezes Rupert.
Rupert hits you with a +3 great sword of freezing!
* * * LOW HITPOINT WARNING * * *
Rupert freezes you.
* * * LOW HITPOINT WARNING * * *
You take 14 damage, and have 25/147 hp.
You slash Rupert!
The wall freezes Rupert.
Rupert hits you with a +3 great sword of freezing.
* * * LOW HITPOINT WARNING * * *
Rupert freezes you.
* * * LOW HITPOINT WARNING * * *
You take 7 damage, and have 18/147 hp.
You puncture Rupert!
The wall freezes Rupert.
Rupert hits you with a +3 great sword of freezing!!
You die...

∆ ...?........ ..(............
.(.............
##################...............
.......................).........
..................(..............
################.(...............
#@.############### #@.#
#..###############
################.................
)................................
..............................=..
#................................
#................................
#................................
#.....)..........................


You could see Rupert (berserk).

Vanquished Creatures
  Harold (D:9)
  2 hydras
  A centaur warrior (D:13)
  2 two-headed ogres
  Sonja (D:13)
  An orc knight (D:10)
  A deep elf pyromancer (D:11)
  A cyclops (D:12)
  5 manticores
  3 ugly things
  4 gargoyles
  A kobold demonologist (D:12)
  2 trolls
  A hornet (D:9)
  11 slime creatures
  Sigmund (D:6)
  A wyvern (D:10)
  2 shadows
  A water elemental (D:11)
  A wraith (D:13)
  18 yaks
  6 vampire mosquitoes (D:13)
  6 acid dragons
  2 water moccasins (D:8)
  2 ice beasts (D:8)
  Purgy (Sewer)
  4 orc warriors
  2 sky beasts
  3 black bears
  3 ogres
  17 centaurs
  2 phantoms
  5 kobold brigands
  A gnoll sergeant (D:12)
  3 bullfrogs (D:8)
  2 scorpions
  A water moccasin zombie (D:6)
  A howler monkey (D:3)
  5 wights (D:10)
  2 electric eels (D:11)
  6 centaur zombies
  4 jellies (D:8)
  Crazy Yiuf (D:4)
  3 orc priests
  A centaur skeleton (D:5)
  10 orc wizards
  2 hound zombies (D:3)
  3 howler monkey zombies
  A howler monkey skeleton (D:6)
  6 adders
  9 gnolls
  2 river rats (D:6)
  A shadow imp (D:5)
  A white imp (D:6)
  2 ufetubi
  An adder zombie (D:3)
  An adder skeleton (D:4)
  6 worms
  5 dart slugs
  27 orcs
  6 endoplasms
  4 giant cockroaches
  6 goblins
  5 hobgoblins
  2 jackals (D:5)
  20 kobolds
  3 quokkas
  7 ball pythons
  11 bats
  7 frilled lizards
  5 rats
297 creatures vanquished.

Vanquished Creatures (others)
  30 foxfires (D:11)
  40 fungi
  39 plants
  4 toadstools (D:8)
113 creatures vanquished.

Grand Total: 410 creatures vanquished

Notes
Turn   | Place    | Note
-------+----------+-------------------------------------------
     0 | D:1      | IndexError the Gnoll Ice Elementalist began the quest for
                  | the Orb.
     0 | D:1      | Reached XP level 1. HP: 13/13 MP: 6/6
   463 | D:1      | Reached XP level 2. HP: 16/19 MP: 4/7
  1480 | D:2      | Reached XP level 3. HP: 25/25 MP: 7/9
  1486 | D:2      | Learned a level 3 spell: Frozen Ramparts
  1490 | D:2      | Learned a level 3 spell: Ozocubu's Armour
  1541 | D:2      | Reached skill level 5 in Spellcasting
  2125 | D:3      | Reached skill level 1 in Invocations
  2152 | D:3      | Reached skill level 1 in Fighting
  2152 | D:3      | Reached skill level 1 in Short Blades
  2152 | D:3      | Reached skill level 1 in Long Blades
  2152 | D:3      | Reached skill level 1 in Axes
  2152 | D:3      | Reached skill level 1 in Maces & Flails
  2152 | D:3      | Reached skill level 1 in Polearms
  2152 | D:3      | Reached skill level 1 in Staves
  2152 | D:3      | Reached skill level 1 in Slings
  2152 | D:3      | Reached skill level 1 in Bows
  2152 | D:3      | Reached skill level 1 in Crossbows
  2152 | D:3      | Reached skill level 1 in Throwing
  2152 | D:3      | Reached skill level 1 in Armour
  2152 | D:3      | Reached skill level 1 in Shields
  2152 | D:3      | Reached skill level 1 in Unarmed Combat
  2152 | D:3      | Reached skill level 1 in Evocations
  2152 | D:3      | Reached XP level 4. HP: 25/32 MP: 9/11
  2240 | D:3      | Found a basalt altar of Yredelemnul.
  2262 | D:3      | Found an ancient bone altar of Kikubaaqudgha.
  2855 | D:3      | Found Jiuqoeha's Antique Armour Boutique.
  2960 | D:3      | Reached skill level 1 in Conjurations
  2960 | D:3      | Reached skill level 1 in Hexes
  2960 | D:3      | Reached skill level 1 in Summonings
  2960 | D:3      | Reached skill level 1 in Necromancy
  2960 | D:3      | Reached skill level 1 in Translocations
  2960 | D:3      | Reached skill level 1 in Transmutations
  2960 | D:3      | Reached skill level 1 in Fire Magic
  2960 | D:3      | Reached skill level 1 in Air Magic
  2960 | D:3      | Reached skill level 1 in Earth Magic
  2960 | D:3      | Reached skill level 1 in Poison Magic
  2984 | D:3      | Reached XP level 5. HP: 37/37 MP: 5/12
  3222 | D:3      | Found a sparkling altar of Nemelex Xobeh.
  3223 | D:3      | Found a white marble altar of Elyvilon.
  3744 | D:4      | Found a staircase to the Ecumenical Temple.
  3751 | D:4      | Noticed a black bear
  3874 | Temple   | Entered the Ecumenical Temple
  4153 | D:4      | Killed a black bear
  4154 | D:4      | Reached skill level 2 in Invocations
  4154 | D:4      | Reached XP level 6. HP: 44/44 MP: 6/13
  4346 | D:4      | Found a shimmering altar of Xom.
  4609 | D:4      | Reached skill level 5 in Dodging
  5136 | D:4      | Found a runed translucent door.
  5137 | D:4      | Noticed Crazy Yiuf
  5149 | D:4      | Killed Crazy Yiuf
  5150 | D:4      | Reached skill level 2 in Fighting
  5150 | D:4      | Reached skill level 2 in Short Blades
  5150 | D:4      | Reached skill level 2 in Long Blades
  5150 | D:4      | Reached skill level 2 in Axes
  5150 | D:4      | Reached skill level 2 in Maces & Flails
  5150 | D:4      | Reached skill level 2 in Polearms
  5150 | D:4      | Reached skill level 2 in Staves
  5150 | D:4      | Reached skill level 2 in Slings
  5150 | D:4      | Reached skill level 2 in Bows
  5150 | D:4      | Reached skill level 2 in Crossbows
  5150 | D:4      | Reached skill level 2 in Throwing
  5150 | D:4      | Reached skill level 2 in Armour
  5150 | D:4      | Reached skill level 2 in Shields
  5150 | D:4      | Reached skill level 2 in Unarmed Combat
  5150 | D:4      | Reached skill level 2 in Evocations
  5257 | D:5      | Entered Level 5 of the Dungeon
  5483 | D:3      | Bought a runed helmet for 165 gold pieces
  5637 | D:5      | Reached XP level 7. HP: 43/50 MP: 9/15
  5867 | D:5      | Reached skill level 2 in Conjurations
  5867 | D:5      | Reached skill level 2 in Hexes
  5867 | D:5      | Reached skill level 2 in Summonings
  5867 | D:5      | Reached skill level 2 in Necromancy
  5867 | D:5      | Reached skill level 2 in Translocations
  5867 | D:5      | Reached skill level 2 in Transmutations
  5867 | D:5      | Reached skill level 2 in Fire Magic
  5867 | D:5      | Reached skill level 2 in Air Magic
  5867 | D:5      | Reached skill level 2 in Earth Magic
  5867 | D:5      | Reached skill level 2 in Poison Magic
  5914 | D:5      | Reached skill level 5 in Stealth
  6096 | D:5      | Reached skill level 3 in Invocations
  6435 | D:5      | Found a stormy altar of Qazlal.
  6728 | D:6      | Reached XP level 8. HP: 54/57 MP: 16/16
  6729 | D:6      | Reached skill level 3 in Fighting
  6729 | D:6      | Reached skill level 3 in Short Blades
  6729 | D:6      | Reached skill level 3 in Long Blades
  6729 | D:6      | Reached skill level 3 in Axes
  6729 | D:6      | Reached skill level 3 in Maces & Flails
  6729 | D:6      | Reached skill level 3 in Polearms
  6729 | D:6      | Reached skill level 3 in Staves
  6729 | D:6      | Reached skill level 3 in Slings
  6729 | D:6      | Reached skill level 3 in Bows
  6729 | D:6      | Reached skill level 3 in Crossbows
  6729 | D:6      | Reached skill level 3 in Throwing
  6729 | D:6      | Reached skill level 3 in Armour
  6729 | D:6      | Reached skill level 3 in Shields
  6729 | D:6      | Reached skill level 3 in Unarmed Combat
  6729 | D:6      | Reached skill level 3 in Evocations
  6777 | D:6      | Noticed Sigmund
  6790 | D:6      | Killed Sigmund
  6791 | D:6      | Reached skill level 6 in Spellcasting
  7092 | D:6      | Found a glowing drain.
  7158 | Sewer    | Entered a sewer
  7235 | Sewer    | Noticed Purgy
  7245 | Sewer    | Killed Purgy
  7739 | D:6      | Reached skill level 4 in Invocations
  7768 | D:6      | Reached skill level 3 in Conjurations
  7768 | D:6      | Reached skill level 3 in Hexes
  7768 | D:6      | Reached skill level 3 in Summonings
  7768 | D:6      | Reached skill level 3 in Necromancy
  7768 | D:6      | Reached skill level 3 in Translocations
  7768 | D:6      | Reached skill level 3 in Transmutations
  7768 | D:6      | Reached skill level 3 in Fire Magic
  7768 | D:6      | Reached skill level 3 in Air Magic
  7768 | D:6      | Reached skill level 3 in Earth Magic
  7768 | D:6      | Reached skill level 3 in Poison Magic
  7952 | D:6      | Reached skill level 6 in Dodging
  8288 | D:7      | Reached XP level 9. HP: 31/65 MP: 18/18
  8449 | D:7      | Found a bloodstained altar of Trog.
  8746 | D:7      | Reached skill level 4 in Fighting
  8746 | D:7      | Reached skill level 4 in Short Blades
  8746 | D:7      | Reached skill level 4 in Long Blades
  8746 | D:7      | Reached skill level 4 in Axes
  8746 | D:7      | Reached skill level 4 in Maces & Flails
  8746 | D:7      | Reached skill level 4 in Polearms
  8746 | D:7      | Reached skill level 4 in Staves
  8746 | D:7      | Reached skill level 4 in Slings
  8746 | D:7      | Reached skill level 4 in Bows
  8746 | D:7      | Reached skill level 4 in Crossbows
  8746 | D:7      | Reached skill level 4 in Throwing
  8746 | D:7      | Reached skill level 4 in Armour
  8746 | D:7      | Reached skill level 4 in Shields
  8746 | D:7      | Reached skill level 4 in Unarmed Combat
  8746 | D:7      | Reached skill level 4 in Evocations
  9289 | D:8      | Found a hazy altar of Hepliaklqana.
  9606 | D:8      | Reached skill level 6 in Stealth
  9606 | D:8      | Reached skill level 8 in Ice Magic
 10189 | D:8      | Reached skill level 5 in Invocations
 10226 | D:8      | Found a staircase to the Lair.
 10248 | D:8      | Reached skill level 7 in Spellcasting
 10291 | D:8      | Reached skill level 4 in Conjurations
 10291 | D:8      | Reached skill level 4 in Hexes
 10291 | D:8      | Reached skill level 4 in Summonings
 10291 | D:8      | Reached skill level 4 in Necromancy
 10291 | D:8      | Reached skill level 4 in Translocations
 10291 | D:8      | Reached skill level 4 in Transmutations
 10291 | D:8      | Reached skill level 4 in Fire Magic
 10291 | D:8      | Reached skill level 4 in Air Magic
 10291 | D:8      | Reached skill level 4 in Earth Magic
 10291 | D:8      | Reached skill level 4 in Poison Magic
 10291 | D:8      | Reached XP level 10. HP: 73/73 MP: 19/20
 10407 | D:8      | Reached skill level 5 in Fighting
 10407 | D:8      | Reached skill level 5 in Short Blades
 10407 | D:8      | Reached skill level 5 in Long Blades
 10407 | D:8      | Reached skill level 5 in Axes
 10407 | D:8      | Reached skill level 5 in Maces & Flails
 10407 | D:8      | Reached skill level 5 in Polearms
 10407 | D:8      | Reached skill level 5 in Staves
 10407 | D:8      | Reached skill level 5 in Slings
 10407 | D:8      | Reached skill level 5 in Bows
 10407 | D:8      | Reached skill level 5 in Crossbows
 10407 | D:8      | Reached skill level 5 in Throwing
 10407 | D:8      | Reached skill level 5 in Armour
 10407 | D:8      | Reached skill level 5 in Shields
 10407 | D:8      | Reached skill level 5 in Unarmed Combat
 10407 | D:8      | Reached skill level 5 in Evocations
 10655 | D:8      | Found a runed translucent door.
 10656 | D:8      | Noticed Liado's ghost (novice HuDe)
 10657 | D:8      | Identified the +8 spear of the Coin {speed, rCorr Stlth+}
 10738 | D:8      | Found a broken altar of Ashenzari.
 10990 | D:8      | Became a worshipper of Ashenzari the Shackled
 10990 | D:8      | Identified a scroll of acquirement
 11217 | D:3      | Bought a faintly humming leather armour for 154 gold pieces
 11217 | D:3      | Identified the +3 leather armour "Qautwiq" {Harm rPois
                  | Dex+2 Slay+3} (You bought it in a shop on level 3 of the
                  | Dungeon)
 12269 | D:9      | Noticed Harold
 12412 | D:9      | Killed Harold
 12413 | D:9      | Reached skill level 7 in Dodging
 12894 | D:9      | Reached skill level 6 in Invocations
 13124 | D:9      | Found a staircase to the Orcish Mines.
 13166 | D:9      | Reached skill level 7 in Stealth
 13471 | Lair:1   | Entered Level 1 of the Lair of Beasts
 13471 | Lair:1   | Noticed Grum
 13502 | D:10     | Entered Level 10 of the Dungeon
 13665 | D:10     | Reached XP level 11. HP: 77/81 MP: 22/22
 13747 | D:10     | Noticed an orc knight
 13909 | D:10     | Reached skill level 6 in Fighting
 13909 | D:10     | Reached skill level 6 in Short Blades
 13909 | D:10     | Reached skill level 6 in Long Blades
 13909 | D:10     | Reached skill level 6 in Axes
 13909 | D:10     | Reached skill level 6 in Maces & Flails
 13909 | D:10     | Reached skill level 6 in Polearms
 13909 | D:10     | Reached skill level 6 in Staves
 13909 | D:10     | Reached skill level 6 in Slings
 13909 | D:10     | Reached skill level 6 in Bows
 13909 | D:10     | Reached skill level 6 in Crossbows
 13909 | D:10     | Reached skill level 6 in Throwing
 13909 | D:10     | Reached skill level 6 in Armour
 13909 | D:10     | Reached skill level 6 in Shields
 13909 | D:10     | Reached skill level 6 in Unarmed Combat
 13909 | D:10     | Reached skill level 6 in Evocations
 14287 | D:10     | Killed an orc knight
 14288 | D:10     | Reached skill level 5 in Conjurations
 14288 | D:10     | Reached skill level 5 in Hexes
 14288 | D:10     | Reached skill level 5 in Summonings
 14288 | D:10     | Reached skill level 5 in Necromancy
 14288 | D:10     | Reached skill level 5 in Translocations
 14288 | D:10     | Reached skill level 5 in Transmutations
 14288 | D:10     | Reached skill level 5 in Fire Magic
 14288 | D:10     | Reached skill level 5 in Air Magic
 14288 | D:10     | Reached skill level 5 in Earth Magic
 14288 | D:10     | Reached skill level 5 in Poison Magic
 14607 | D:10     | Reached skill level 8 in Spellcasting
 14987 | D:11     | Found Vioskius's Antique Armour Shop.
 14990 | D:11     | Noticed a manticore
 14996 | D:11     | Killed a manticore
 15348 | D:11     | Noticed a deep elf pyromancer
 15423 | D:11     | Killed a deep elf pyromancer
 15510 | D:11     | Noticed a manticore
 15522 | D:11     | Killed a manticore
 15523 | D:11     | Reached skill level 9 in Ice Magic
 15523 | D:11     | Reached skill level 7 in Invocations
 15647 | D:11     | Reached skill level 8 in Dodging
 15922 | D:11     | Learned a level 1 spell: Foxfire
 16125 | D:11     | Acquired the +4 kite shield "Kikayg" {rC+ Will- Stlth+}
 16127 | D:11     | Acquired the +4 lajatang of Crusades {drain, *Noise rCorr
                  | Str+3 Dex+8}
 16176 | D:11     | Reached skill level 8 in Stealth
 16698 | D:12     | Noticed an eight-headed hydra
 16715 | D:12     | Killed a 16-headed hydra
 16748 | D:12     | Noticed a two-headed ogre
 16761 | D:12     | Killed a two-headed ogre
 16762 | D:12     | Reached XP level 12. HP: 89/89 MP: 24/24
 16826 | D:12     | Identified the +6 halberd "Mokamirch" {vorpal, rElec MP+9
                  | Str+2 Dex+3}
 17178 | D:12     | Reached skill level 7 in Fighting
 17178 | D:12     | Reached skill level 7 in Short Blades
 17178 | D:12     | Reached skill level 7 in Long Blades
 17178 | D:12     | Reached skill level 7 in Axes
 17178 | D:12     | Reached skill level 7 in Maces & Flails
 17178 | D:12     | Reached skill level 7 in Polearms
 17178 | D:12     | Reached skill level 7 in Staves
 17178 | D:12     | Reached skill level 7 in Slings
 17178 | D:12     | Reached skill level 7 in Bows
 17178 | D:12     | Reached skill level 7 in Crossbows
 17178 | D:12     | Reached skill level 7 in Throwing
 17178 | D:12     | Reached skill level 7 in Armour
 17178 | D:12     | Reached skill level 7 in Shields
 17178 | D:12     | Reached skill level 7 in Unarmed Combat
 17178 | D:12     | Reached skill level 7 in Evocations
 17561 | D:12     | HP: 22/91 [white ugly thing (8)]
 17561 | D:12     | HP: 5/91 [white ugly thing (17)]
 17740 | D:12     | Reached skill level 6 in Conjurations
 17740 | D:12     | Reached skill level 6 in Hexes
 17740 | D:12     | Reached skill level 6 in Summonings
 17740 | D:12     | Reached skill level 6 in Necromancy
 17740 | D:12     | Reached skill level 6 in Translocations
 17740 | D:12     | Reached skill level 6 in Transmutations
 17740 | D:12     | Reached skill level 6 in Fire Magic
 17740 | D:12     | Reached skill level 6 in Air Magic
 17740 | D:12     | Reached skill level 6 in Earth Magic
 17740 | D:12     | Reached skill level 6 in Poison Magic
 17886 | D:12     | Reached skill level 8 in Invocations
 17894 | D:12     | Reached skill level 9 in Spellcasting
 18050 | D:13     | Noticed a centaur warrior
 18050 | D:13     | Noticed a four-headed hydra
 18160 | D:13     | Killed a four-headed hydra
 18164 | D:13     | Killed a centaur warrior
 18308 | D:13     | Noticed a two-headed ogre
 18321 | D:13     | Killed a two-headed ogre
 18322 | D:13     | Reached skill level 9 in Dodging
 18711 | D:13     | Noticed Rupert
 18821 | D:13     | Identified the +8 arbalest "Cirayc" {elec, rPois Will+ MP+9
                  | Dex+7}
 18878 | D:13     | Noticed Sonja
 18891 | D:13     | Killed Sonja
 18892 | D:13     | Reached skill level 9 in Stealth
 18892 | D:13     | Reached XP level 13. HP: 43/98 MP: 26/26
 19213 | D:13     | Found a snail-covered altar of Cheibriados.
 19351 | D:13     | HP: 30/147 [Rupert (10)]
 19353 | D:13     | Mangled by Rupert

Illustrated notes

Levels and vault maps discovered:
D:1:      evilmike_arrival_home_sweet_home, layout_basic, minmay_parallelograms,
          st_stairs_4
D:2:      layout_loops_corners
D:3:      layout_basic, nicolae_yredelemnul_corpse_copse,
          mainiacjoe_overflow_divided_tiny, mainiacjoe_overflow_boulevard,
          serial_shops, nicolae_shop_overgrown_old_shop
D:4:      layout_loops_ring, mainiacjoe_overflow_six_doors_small,
          minmay_temple_entry_drinking_statues, uniq_crazy_yiuf_cottage
D:5:      layout_basic, mainiacjoe_overflow_chevrons,
          minmay_misc_feat_secret_circle, grunt_ministairs_15
D:6:      layout_loops_ring, lightli_sewer_entry_pipes, uniq_sigmund
D:7:      layout_basic, amcnicky_altar_gilded
D:8:      cheibrodos_fertilizer, layout_basic, kennysheep_mini_moat,
          mainiacjoe_overflow_24_doors, due_lair_maze_entry_diamond,
          ebering_ghost_funeral_grove
D:9:      layout_layer_cave, orc_0_dummy, kennysheep_generic_room_2, uniq_harold
D:10:     layout_roguey, library_closet
D:11:     layout_basic, serial_shops, shop
D:12:     layout_loops_ring
D:13:     layout_long_grid, hangedman_abyss_or_decor_stagger,
          kennysheep_slug_shrine, uniq_rupert, uniq_sonja
Temple:   nicolae_temple_figure_eight
Lair:1:   gammafunk_ghost_cemetery, layout_cave_pods, uniq_grum, uniq_urug

Skill      XL: |  1  2  3  4  5  6  7  8  9 10 11 12 |
---------------+-------------------------------------+-----
Spellcasting   | 5 6 7 8 9 |  9.4
Invocations    | 1 2 3 4 5 6 7 8 |  8.6
Fighting       | 1 2 3 4 5 6 7 |  7.9
Short Blades   | 1 2 3 4 5 6 7 |  7.9
Long Blades    | 1 2 3 4 5 6 7 |  7.9
Axes           | 1 2 3 4 5 6 7 |  7.9
Maces & Flails | 1 2 3 4 5 6 7 |  7.9
Polearms       | 1 2 3 4 5 6 7 |  7.9
Staves         | 1 2 3 4 5 6 7 |  7.9
Slings         | 1 2 3 4 5 6 7 |  7.9
Bows           | 1 2 3 4 5 6 7 |  7.9
Crossbows      | 1 2 3 4 5 6 7 |  7.9
Throwing       | 1 2 3 4 5 6 7 |  7.9
Armour         | 1 2 3 4 5 6 7 |  7.9
Shields        | 1 2 3 4 5 6 7 |  7.9
Unarmed Combat | 1 2 3 4 5 6 7 |  7.9
Evocations     | 1 2 3 4 5 6 7 |  7.9
Conjurations   | 1 2 3 4 5 6 |  6.5
Hexes          | 1 2 3 4 5 6 |  6.5
Summonings     | 1 2 3 4 5 6 |  6.5
Necromancy     | 1 2 3 4 5 6 |  6.5
Translocations | 1 2 3 4 5 6 |  6.5
Transmutations | 1 2 3 4 5 6 |  6.5
Fire Magic     | 1 2 3 4 5 6 |  6.5
Air Magic      | 1 2 3 4 5 6 |  6.5
Earth Magic    | 1 2 3 4 5 6 |  6.5
Poison Magic   | 1 2 3 4 5 6 |  6.5
Dodging        | 5 6 7 8 9 |  9.2
Stealth        | 5 6 7 8 9 |  9.0
Ice Magic      | 8 9 |  9.8

Action                   |  1- 3 |  4- 6 |  7- 9 | 10-12 | 13-15 || total
-------------------------+-------+-------+-------+-------+-------++-------
Melee: Dagger            |    52 |   214 |       |       |       ||   266
       Unarmed           |     1 |       |       |     6 |       ||     7
       Bite              |     2 |    28 |    17 |    29 |     1 ||    77
       Punch             |       |     2 |       |     5 |       ||     7
       Flail             |       |       |   155 |   164 |       ||   319
       Lajatang          |       |       |       |    30 |       ||    30
       Halberd           |       |       |       |   117 |    14 ||   131
 Fire: Hunting sling     |       |   160 |   254 |   336 |    22 ||   772
 Cast: Freeze            |    32 |     8 |     5 |       |       ||    45
       Ozocubu's Armour  |     1 |     8 |    34 |    63 |     2 ||   108
       Frozen Ramparts   |       |    11 |    41 |    72 |     2 ||   126
       Foxfire           |       |       |       |    16 |       ||    16
Invok: Curse Item        |       |       |       |     1 |       ||     1
Evoke: Wand              |       |       |       |     3 |       ||     3
  Use: Scroll            |       |       |       |     2 |       ||     2
       Potion            |       |       |       |       |     1 ||     1
 Stab: Sleeping          |     5 |     1 |     1 |       |       ||     7
       Paralysed         |       |       |       |     6 |       ||     6
Armor: Robe              |    20 |    17 |    44 |       |       ||    81
       Troll leather arm |       |       |    58 |    13 |       ||    71
       Leather armour    |       |       |       |   211 |    11 ||   222
Dodge: Dodged            |    65 |    70 |   231 |   471 |    28 ||   865

Table legend: (Time is in decaauts)
 A = Elapsed time spent in this place.
 B = Non-inter-level travel time spent in this place.
 C = Inter-level travel time spent in this place.
 D = Time resting spent in this place.
 E = Time spent auto-exploring this place.
 F = Levels seen in this place.
 G = Mean time per level.
                   A        B        C        D        E       F      G
               +--------+--------+--------+--------+--------+-----+--------+
         Total |  19463 |  16863 |   2600 |      0 |  13452 |  16 | 1216.4 |
       Dungeon |  18987 |  16398 |   2589 |      0 |  13104 |  13 | 1460.5 |
        Temple |    221 |    210 |     11 |      0 |    206 |   1 |  221.0 |
          Lair |      1 |      1 |      0 |      0 |      0 |   1 |    1.0 |
         Sewer |    253 |    253 |      0 |      0 |    142 |   1 |  253.0 |
               +--------+--------+--------+--------+--------+-----+--------+

Top non-repeatable levels by time:
     D:8: 2357 daAuts
     D:4: 1624 daAuts
    D:11: 1617 daAuts
     D:9: 1588 daAuts
     D:3: 1501 daAuts
    D:10: 1495 daAuts
     D:6: 1409 daAuts
     D:5: 1408 daAuts
    D:12: 1376 daAuts
     D:2: 1285 daAuts
    D:13: 1207 daAuts
     D:1: 1113 daAuts
     D:7: 1004 daAuts
   Sewer: 253 daAuts
  Temple: 221 daAuts

Table legend:
 A = Kills in this place as a percentage of kills in entire the game.
 B = Kills by you in this place as a percentage of kills by you in the entire game.
 C = Kills by friends in this place as a percentage of kills by friends in the entire game.
 D = Other kills in this place as a percentage of other kills in the entire game.
 E = Experience gained in this place as a percentage of experience gained in the entire game.
 F = Experience gained in this place divided by the number of levels of this place that you have seen.
                   A       B       C       D       E      F
               +-------+-------+-------+-------+-------+----------------------
         Total | 100.0 | 100.0 |   N/A |   N/A | 100.0 | 2085.6
       Dungeon |  97.3 |  97.3 |   N/A |   N/A |  99.6 | 2556.0
         Sewer |   2.7 |   2.7 |   N/A |   N/A |   0.4 | 141.0
               +-------+-------+-------+-------+-------+----------------------
